 Dungeon Crawl Stone Soup version 0.31-a0-960-g0fca184906 (webtiles) character file.

Game seed: 7078498717702394630

247680 Pooter the Executioner (level 19, 0/271 (274) HPs)
             Began as a Minotaur Berserker on Oct 22, 2023.
             Was a High Priest of Trog.
             Succumbed to a wolf spider's poison
             ... on level 2 of the Spider Nest on Oct 23, 2023.
             The game lasted 04:00:24 (63243 turns).

Pooter the Executioner (Minotaur Berserker)        Turns: 63243, Time: 04:00:25

HP:   0/271 (274)   AC: 26    Str: 32    XL:     19   Next: 23%
MP:   1/18          EV: 12    Int: 12    God:    Trog [*****.]
Gold: 717           SH:  5    Dex: 15    Spells: 18/18 levels left

rFire   . . .        a - +5 battleaxe (heavy)
rCold   + . .        (shield currently unavailable)
rNeg    + + .        J - +3 plate armour {rC+}
rPois   .            (helmet restricted)
rElec   .            n - scarf "Qauvoergh" {shadows, *Slow rN++ Regen+ Int+8}
rCorr   .            g - +3 Mad Mage's Maulers {Infuse+∞ VampMP -Cast}
SInv    +            e - +2 pair of boots of Happiness {Regen+ Dex+3 Slay+2}
Will    +++..        q - amulet of reflection Stlth
                     V - +6 ring of strength
HPRegen 2.25/turn    S - ring "Jiaxasis" {Will+ SInv}
MPRegen 0.16/turn

%: no spellcasting, slow self (1%), reflection, clarity, infuse magic (1 MP)
@: berserking (expiring), lethally poisoned (0 -> -3), slowed, lightly drained
A: horns 2, retaliatory headbutt, clarity, dopey 1, strong-willed 1
}: 1/15 runes: barnacled
a: Renounce Religion, Berserk, Trog's Hand, Brothers in Arms


You were on level 2 of the Spider Nest.
You worshipped Trog.
Trog was extremely pleased with you.
You visited 6 branches of the dungeon, and saw 31 of its levels.
You visited 1 bazaar.
You also visited: Ice Cave.

You collected 3902 gold pieces.
You spent 3185 gold pieces at shops.

Inventory:

Hand Weapons
 a - a +5 heavy battleaxe (weapon)
   (You took it off a deep elf pyromancer on level 3 of the Elven Halls)
 b - a +1 heavy triple crossbow
   (You found it in an ice cave)
 j - the +11 longbow of Gisehef {freeze, rF+ rC- rN+ Str+4}
   (You bought it in a shop in a bazaar)

   Str+4:     It affects your strength (+4).
   rF+:       It protects you from fire.
   rC-:       It makes you vulnerable to cold.
   rN+:       It protects you from negative energy.
 p - a +4 antimagic executioner's axe
   (Trog gifted it to you on level 14 of the Dungeon)
 u - the +10 halberd of Ascent {flame, rN+}
   (You took it off a deep elf knight on level 3 of the Elven Halls)

   rN+:       It protects you from negative energy.
Missiles
 s - 9 curare-tipped darts
 y - 18 javelins
 B - 27 boomerangs (quivered)
 Y - 6 silver javelins
Armour
 e - the +2 pair of boots of Happiness (worn) {Regen+ Dex+3 Slay+2}
   (You found it in an ice cave)

   Dex+3:     It affects your dexterity (+3).
   Slay+2:    It affects your accuracy & damage with ranged weapons and melee
   (+2).
   Regen+:    It increases your rate of health regeneration.
 g - the +3 Mad Mage's Maulers (worn) {Infuse+∞ VampMP -Cast}
   (You acquired it on level 10 of the Dungeon)

   Infuse+∞: It empowers its wearer's blows with all of their magic.
   VampMP:    Blows struck in melee replenish the wearer's magic.
   -Cast:     It prevents spellcasting.
 n - the scarf "Qauvoergh" (worn) {shadows, *Slow rN++ Regen+ Int+8}
   (You bought it in a shop in a bazaar)

   Int+8:     It affects your intelligence (+8).
   rN++:      It greatly protects you from negative energy.
   Regen+:    It increases your rate of health regeneration.
   *Slow:     It may slow you when you take damage.
 z - a scarf of harm
   (You found it on level 15 of the Dungeon)
 J - a +3 plate armour of cold resistance (worn)
   (You took it off a vault guard on level 13 of the Dungeon)
 M - a scarf of resistance
   (You found it on level 3 of the Shoals)
Jewellery
 q - an amulet of reflection (around neck)
   (You found it on level 2 of the Elven Halls)
 C - a ring of resist corrosion
   (You found it on level 6 of the Dungeon)
 F - a ring of protection from fire
   (You took it off a deep elf knight on level 3 of the Elven Halls)
 I - the ring of Pessimism {rC++ AC+4}
   (You took it off a deep elf archer on level 3 of the Elven Halls)

   [ring of protection]

   AC+4:      It affects your AC (+4).
   rC++:      It greatly protects you from cold.
 N - a ring of positive energy
   (You found it on level 14 of the Dungeon)
 R - an amulet of regeneration
   (You bought it in a shop on level 11 of the Dungeon)
 S - the ring "Jiaxasis" (right hand) {Will+ SInv}
   (You bought it in a shop on level 3 of the Elven Halls)

   [ring of willpower]

   Will+:     It increases your willpower.
   SInv:      It lets you see invisible.
 V - a +6 ring of strength (left hand)
   (You found it on level 3 of the Lair of Beasts)
 Z - a ring of flight
   (You took it off a deep elf demonologist on level 3 of the Elven Halls)
Wands
 d - a wand of iceblast (50)
   (You found it on level 6 of the Dungeon)
 f - a wand of flame (26)
   (You bought it in a shop on level 9 of the Dungeon)
 m - a wand of charming (10)
   (You found it on level 12 of the Dungeon)
 o - a wand of mindburst (19)
   (You found it on level 3 of the Elven Halls)
 x - a wand of acid (17)
   (You found it on level 2 of the Lair of Beasts)
 D - a wand of digging (5)
   (You found it on level 7 of the Dungeon)
 Q - a wand of polymorph (4)
   (You found it on level 13 of the Dungeon)
Scrolls
 i - 11 scrolls of identify {@r1}
 r - 5 scrolls of immolation {!r}
 t - 9 scrolls of teleportation {@r4}
 v - 6 scrolls of fog
 A - 3 scrolls of summoning
 G - a scroll of silence
 K - 2 scrolls of poison {!r}
Potions
 c - 6 potions of enlightenment
 h - 4 potions of haste {@q3}
 k - 8 potions of lignification {!q}
 l - 3 potions of attraction {!q}
 w - 6 potions of might
 E - 4 potions of magic
 H - 9 potions of heal wounds {@q2}
 L - a potion of invisibility
 O - 8 potions of curing {@q1}
 T - 3 potions of cancellation
 U - 2 potions of mutation {!q}
Miscellaneous
 P - a phantom mirror
   (You found it on level 14 of the Dungeon)
 W - a box of beasts
   (You found it on level 5 of the Lair of Beasts)
 X - a phial of floods
   (You found it on level 5 of the Lair of Beasts)


   Skills:
 + Level 19.5 Fighting
 - Level 24.0 Axes
 * Level 20.5 Ranged Weapons
 + Level 11.9 Armour
 - Level 9.1 Dodging
 - Level 3.8 Shields
 + Level 8.6 Evocations


You had 18 spell levels left.
You didn't know any spells.
Your spell library was empty.

Dungeon Overview and Level Annotations

Branches:
Dungeon (15/15) Zot: 25289  Temple (0/1) D:5            Lair (5/5) D:9 Zot: 18577
 Shoals (4/4) Lair:2 Zot: 15851  Spider (2/4) Lair:2 Zot: 8853   Slime (0/5) Lair:5
    Orc (2/2) D:12 Zot: 7537     Elf (3/3) Orc:2 Zot: 4700  Vaults (0/5) D:13
 Depths (0/4) D:15          IceCv (visited)

Altars:
Cheibriados
Elyvilon
Fedhas
Hepliaklqana
Kikubaaqudgha
Makhleb
Nemelex Xobeh
Qazlal
Ru
Sif Muna
Vehumet
Wu Jian
Yredelemnul
Zin
Jiyva

Shops:
D:4 *([   D:9 *:[   D:11 =   Orc:2 !:![   Elf:3 =(:   Shoals:3 *=[
Shoals:4 ([=!

Annotations:
D:13 3 runed translucent doors, Jamimocw's ghost, journeyman MiGl; Sundig's ghost, journeyman MiFi
Lair:5 1 runed translucent door
Spider:2 2 transporters, Isko's ghost, journeyman TrSh
Elf:2 3 runed translucent doors


Innate Abilities, Weirdness & Mutations

You have a pair of horns on your head.
You reflexively headbutt those who attack you in melee.
You possess an exceptional clarity of mind.
You are dopey. (Int -2)
You are strong-willed. (Will+)


Message History

The wolf spider bites you but does no damage.
You feel extremely sick.
The jumping spider leaps!
The wolf spider hits you but does no damage.
The wolf spider bites you.
* * * LOW HITPOINT WARNING * * *
The jumping spider leaps!
You block the wolf spider's attack. The wolf spider barely misses you.
A red film seems to cover your vision as you go berserk!
You feel yourself moving faster!
You feel mighty!
You feel very sick. You block the wolf spider's attack.
The wolf spider bites you but does no damage.
The wolf spider hits you but does no damage.
You block the wolf spider's attack. The wolf spider hits you.
* * * LOW HITPOINT WARNING * * *
The wolf spider bites you but does no damage.
The wolf spider hits you but does no damage.
The wolf spider bites you.
* * * LOW HITPOINT WARNING * * *
You are lethally poisoned!
The wolf spider poisons you!
* * * LOW MAGIC WARNING * * *
You cut the wolf spider into ribbons!!!
You kill the wolf spider!
Trog accepts your kill.
* * * LOW MAGIC WARNING * * *
You slice the jorogumo!!
You kill the jorogumo!
Trog accepts your kill.
Trog appreciates your killing of a magic user.
* * * LOW HITPOINT WARNING * * *
You feel extremely sick.
The orb spider pulsates with a strange energy.
You feel your strength returning.
You closely miss the wolf spider. You headbutt the wolf spider.
You kill the wolf spider!
Trog accepts your kill.
* * * LOW HITPOINT WARNING * * *
You feel extremely sick.
The jumping spider leaps!
* * * LOW HITPOINT WARNING * * *
You feel very sick.
The orb spider weaves a glowing orb of energy.
An orb of destruction comes into view.
You feel a strong urge to attack something.
* * * LOW HITPOINT WARNING * * *
You feel very sick.
The orb of destruction hits a rock wall.
You die...

...# .......###
^.^.#.####..... ..##
.........##.....####.###...
...# .....s○$.s.....
#^........# ..## #..##
#.........# ..## ##..##
##^.......## ...# #..†.##
#........... ...# ##....###
##........... ...#
##.....###..........^. ..##
#....@..........^..^.. ..##
##.................... ...#
#^................... ...#
###.................. .^.#
##................. ...###
##......^......... ..##.###
#.................
.##....###
####.........>......
.#......^#
###.##...#...<........


You could see an orb spider.

Vanquished Creatures
  Mara (Shoals:4)
  2 deep elf blademasters (Elf:3)
  A lich (IceCv)
  Asterion (Spider:1)
  A deep elf master archer (Elf:3)
  5 krakens (Shoals:4)
  Kirke (Spider:1)
  Aizul (Shoals:4)
  A storm dragon (D:14)
  Roxanne (Spider:1)
  8 deep elf sorcerers
  2 frost giants (D:14)
  5 deep elf elementalists
  Louise (Spider:1)
  A ghost moth (Spider:2)
  An orc warlord (D:12)
  2 formless jellyfish
  A broodmother (Spider:1)
  A stone giant (D:15)
  5 deep elf demonologists (Elf:3)
  Azrael (Elf:2)
  4 deep elf annihilators (Elf:3)
  8 deep elf death magi
  10 merfolk impalers
  6 merfolk javelineers
  2 ettins (Orc:1)
  Harold (D:10)
  2 deep elf high priests (Elf:3)
  An entropy weaver (Spider:1)
  Fannar (D:11)
  8 vault guards (D:13)
  2 hydras
  An ice dragon (Shoals:2)
  A jorogumo (Spider:2)
  A merfolk avatar (Shoals:4)
  2 anacondas (Lair:1)
  5 centaur warriors
  3 alligator snapping turtles (Shoals:4)
  2 death knights
  6 boulder beetles
  5 merfolk aquamancers (Shoals:4)
  3 radroaches
  6 catoblepae
  9 dancing weapons
  15 death yaks
  A satyr (Shoals:4)
  A deep troll earth mage (D:14)
  5 demonic crawlers
  2 tengu warriors
  4 two-headed ogres
  An occultist (D:15)
  Urug (Lair:5)
  An orc high priest (Orc:2)
  10 deep elf knights
  Sonja (D:12)
  A pharaoh ant (Spider:1)
  5 skysharks
  Lodul (D:10)
  A skeletal warrior (D:14)
  A sun moth (Spider:1)
  A bog body (IceCv)
  9 sea snakes
  A swamp dragon (Orc:1)
  An obsidian statue (IceCv)
  An orb spider (Spider:1)
  3 spriggan simulacra (IceCv)
  A steelbarb worm (Spider:2)
  A harpy (shapeshifter) (Elf:2)
  19 harpies
  12 fauns
  3 necromancers
  10 deep elf archers
  5 orc knights
  29 deep elf pyromancers
  A steelbarb worm (shapeshifter) (Elf:1)
  3 orc sorcerers
  20 deep elf zephyrmancers
  14 ugly things
  18 manticores
  An oklob plant (Lair:5)
  8 wolf spiders
  10 cyclopes
  An elephant (Lair:1)
  8 black mambas
  2 merfolk sirens (Shoals:3)
  4 torpor snails
  4 water nymphs
  10 cane toads
  A gargoyle (D:14)
  2 unseen horrors
  9 komodo dragons
  5 anaconda simulacra (IceCv)
  20 freezing wraiths
  2 ice devils (IceCv)
  10 rime drakes
  2 tengu conjurers
  3 polar bears
  2 golden dragon simulacra (IceCv)
  11 trolls
  25 merfolk
  5 wind drakes
  3 alligator simulacra (IceCv)
  19 tarantellas
  14 blink frogs
  21 dream sheep
  A glass eye (D:10)
  6 snapping turtles
  A snapping turtle (shapeshifter) (Elf:2)
  11 jumping spiders
  4 slime creatures (D:14)
  4 vampires
  7 shadows
  A spriggan (shapeshifter) (Elf:1)
  56 yaks
  11 culicivoras
  6 air elementals
  4 dire elephant simulacra (IceCv)
  Eustachio (D:4)
  A wraith (D:12)
  7 fire elementals
  A hog (Spider:1)
  6 wyverns
  9 basilisks
  30 redbacks
  10 water elementals
  4 vampire mosquitoes
  7 wargs
  3 harpy simulacra (IceCv)
  4 large abominations (Elf:1)
  6 hydra simulacra (IceCv)
  13 water moccasins
  4 acid dragons
  3 hell hounds (Elf:2)
  37 orc warriors
  6 black bears
  12 ogres
  19 centaurs
  16 wolves
  3 elf zombies (Elf:1)
  A phantom (D:7)
  A kobold brigand (D:7)
  Blork the orc (D:4)
  16 bullfrogs
  4 earth elementals
  A necrophage (D:4)
  A scorpion (Lair:1)
  A deep troll simulacrum (IceCv)
  A gnoll sergeant (D:7)
  8 wights
  7 killer bees
  2 lindwurm simulacra (IceCv)
  A howler monkey (D:5)
  12 orc priests
  3 hounds (D:5)
  A human zombie (D:4)
  2 jellies (D:5)
  A sleepcap (D:5)
  4 iguanas
  23 orc wizards
  A gnoll bouda (D:5)
  2 scorpion zombies (D:4)
  4 hell rats (Lair:5)
  A hound zombie (D:4)
  2 mummies (D:4)
  7 gnolls
  7 adders
  2 white imps
  An adder zombie (D:4)
  4 worms
  2 dart slugs
  81 orcs
  6 bats
  2 endoplasms
  4 giant cockroaches
  2 goblins
  4 hobgoblins (D:2)
  5 jackals
  11 kobolds
  4 quokkas
  8 ball pythons
  2 frilled lizards
  4 rats
  20 tentacles (Shoals:4)
1128 creatures vanquished.

Vanquished Creatures (collateral kills)
  A deep elf annihilator (Elf:3)
  2 ugly things (D:14)
  2 ogres (D:10)
5 creatures vanquished.

Vanquished Creatures (others)
  2 humans (Spider:1)
  2 ogres (D:10)
  An orc priest (D:12)
  32 tentacles (Shoals:4)
37 creatures vanquished.

Grand Total: 1170 creatures vanquished

Notes
Turn   | Place    | Note
-------+----------+-------------------------------------------
     0 | D:1      | Pooter the Minotaur Berserker began the quest for the Orb.
     0 | D:1      | Reached XP level 1. HP: 19/19 MP: 0/0
   101 | D:1      | Reached skill level 4 in Axes
   266 | D:1      | Reached XP level 2. HP: 27/27 MP: 1/1
   814 | D:1      | You fall into a shaft and drop 1 floor!
   974 | D:2      | Reached XP level 3. HP: 33/33 MP: 2/2
  1179 | D:2      | Reached skill level 5 in Axes
  1179 | D:2      | Reached skill level 1 in Ranged Weapons
  1180 | D:2      | Reached XP level 4. HP: 37/41 MP: 3/3
  1653 | D:2      | Reached ** piety under Trog
  2196 | D:3      | Reached XP level 5. HP: 47/47 MP: 4/4
  2551 | D:3      | Found a blossoming altar of Fedhas.
  2867 | D:4      | Noticed Eustachio
  2877 | D:3      | Reached skill level 5 in Fighting
  2877 | D:3      | Reached skill level 6 in Axes
  3073 | D:4      | Killed Eustachio
  3074 | D:4      | Reached XP level 6. HP: 56/56 MP: 5/5
  3163 | D:4      | Found a white marble altar of Elyvilon.
  3176 | D:4      | Reached skill level 7 in Axes
  3183 | D:4      | Reached XP level 7. HP: 52/62 MP: 6/6
  3397 | D:4      | Noticed Blork the orc
  3405 | D:4      | Killed Blork the orc
  3424 | D:4      | Found a radiant altar of Vehumet.
  3466 | D:4      | Found Ehovumm's Weapon Shoppe.
  3514 | D:4      | Found a stormy altar of Qazlal.
  3516 | D:4      | Found Zulilisa's Armour Boutique.
  3517 | D:4      | Found a snail-covered altar of Cheibriados.
  3546 | D:4      | Noticed a yak
  3547 | D:4      | Noticed a yak
  3547 | D:4      | Noticed a yak
  3577 | D:4      | Killed a yak
  3578 | D:4      | Reached skill level 8 in Axes
  3578 | D:4      | Reached skill level 1 in Shields
  3934 | D:4      | Noticed a yak
  3935 | D:4      | Noticed a yak
  3937 | D:4      | Noticed a yak
  3944 | D:3      | Killed a yak
  4108 | D:3      | Killed a yak
  4109 | D:3      | Reached XP level 8. HP: 71/71 MP: 7/7
  4114 | D:3      | Reached skill level 9 in Axes
  4163 | D:4      | Reached skill level 5 in Ranged Weapons
  4233 | D:4      | Found Cufub's General Store.
  4286 | D:4      | Bought a wand of charming (2) for 67 gold pieces
  4286 | D:4      | Bought a wand of charming (3) for 100 gold pieces
  4457 | D:4      | Found an ancient bone altar of Kikubaaqudgha.
  4519 | D:4      | Reached skill level 10 in Axes
  4616 | D:5      | Entered Level 5 of the Dungeon
  5091 | D:5      | Found an ornate altar of the Wu Jian Council.
  5264 | D:5      | Reached XP level 9. HP: 76/80 MP: 8/8
  6095 | D:5      | Found a staircase to the Ecumenical Temple.
  6325 | D:6      | Found a hazy altar of Hepliaklqana.
  6561 | D:6      | Noticed a troll
  6565 | D:6      | Killed a troll
  6566 | D:6      | Reached skill level 11 in Axes
  6982 | D:6      | Noticed a troll
  6993 | D:6      | Killed a troll
  7108 | D:7      | Reached skill level 12 in Axes
  7194 | D:7      | Reached XP level 10. HP: 91/91 MP: 9/9
  7638 | D:8      | Found a glowing silver altar of Zin.
  7658 | D:8      | Reached *** piety under Trog
  7712 | D:8      | Found a burning altar of Makhleb.
  7973 | D:8      | Identified the +2 mace "Huffem" {drain, Stlth+}
  7983 | D:8      | Found a sparkling altar of Nemelex Xobeh.
  8420 | D:9      | Identified the "Tiofywk"
  8467 | D:9      | Found Cheibriados's Comfort Zone.
  8469 | D:9      | Found a snail-covered altar of Cheibriados.
  8514 | D:9      | Noticed a two-headed ogre
  8538 | D:9      | Killed a two-headed ogre
  8539 | D:9      | Reached skill level 13 in Axes
  8585 | D:9      | Reached skill level 10 in Fighting
  8859 | D:9      | Found a sacrificial altar of Ru.
  8863 | D:9      | Found Sumuw's Elemental Accessories.
  8871 | D:9      | Bought a wand of flame (5) for 38 gold pieces
  9125 | D:9      | Reached skill level 14 in Axes
  9128 | D:9      | Reached XP level 11. HP: 69/101 MP: 10/10
  9400 | D:9      | Found a staircase to the Lair.
  9684 | D:9      | Found Gil Waqi's Book Shoppe.
  9755 | D:10     | Entered Level 10 of the Dungeon
 10083 | D:10     | Identified a scroll of acquirement
 10083 | D:10     | Acquired the +3 Mad Mage's Maulers {Infuse+∞ VampMP -Cast}
 10083 | D:10     | Found the +3 Mad Mage's Maulers {Infuse+∞ VampMP -Cast}
 10155 | D:10     | Reached skill level 10 in Ranged Weapons
 10344 | D:10     | Noticed Harold
 10352 | D:10     | Killed Harold
 10496 | D:10     | Noticed a two-headed ogre
 10503 | D:10     | Killed a two-headed ogre
 10632 | D:10     | Found a basalt altar of Yredelemnul.
 10656 | D:10     | Noticed Lodul
 10692 | D:10     | Killed Lodul
 11329 | D:10     | Noticed a two-headed ogre
 11335 | D:10     | Killed a two-headed ogre
 11336 | D:10     | Reached skill level 15 in Axes
 11493 | D:10     | Reached **** piety under Trog
 11931 | D:10     | Found a shimmering blue altar of Sif Muna.
 12197 | D:12     | Identified the "Ujyaf"
 12197 | Lair:1   | Entered Level 1 of the Lair of Beasts
 12446 | Lair:1   | Reached XP level 12. HP: 80/111 MP: 4/11
 12564 | Lair:1   | Noticed a death yak
 12564 | Lair:1   | Noticed an anaconda
 12570 | Lair:1   | Killed an anaconda
 12571 | Lair:1   | Reached skill level 16 in Axes
 12646 | Lair:1   | Killed a death yak
 12728 | Lair:1   | Noticed a death yak
 12728 | Lair:1   | Noticed an anaconda
 12735 | Lair:1   | Killed a death yak
 12735 | Lair:1   | Killed an anaconda
 12951 | Lair:1   | Upgraded the game from 0.31-a0-949-g57150269e1 to
                  | 0.31-a0-960-g0fca184906
 13279 | Lair:1   | Reached skill level 17 in Axes
 14555 | Lair:2   | Reached XP level 13. HP: 83/119 MP: 1/12
 14646 | Lair:2   | Found a staircase to the Shoals.
 14750 | Lair:2   | Found a hole to the Spider Nest.
 14838 | Lair:2   | Gained mutation: You are agile. (Dex +4, Str/Int -1)
                  | [potion of mutation]
 14838 | Lair:2   | Gained mutation: You are occasionally teleported next to
                  | monsters. [potion of mutation]
 14839 | Lair:2   | Lost mutation: You are agile. (Dex +4, Str/Int -1) [potion
                  | of mutation]
 14839 | Lair:2   | Lost mutation: You are occasionally teleported next to
                  | monsters. [potion of mutation]
 14839 | Lair:2   | Gained mutation: You are strong-willed. (Will+) [potion of
                  | mutation]
 14839 | Lair:2   | Gained mutation: Your magical capacity is low. (-10% MP)
                  | [potion of mutation]
 14839 | Lair:2   | Gained mutation: You passively dampen the noise of your
                  | surroundings. [potion of mutation]
 17360 | Lair:4   | Reached skill level 18 in Axes
 19120 | Lair:5   | Identified the of Qyin
 19120 | Lair:5   | Entered Level 5 of the Lair of Beasts
 19359 | Lair:5   | Reached skill level 15 in Ranged Weapons
 20607 | Lair:5   | Reached ***** piety under Trog
 21429 | Lair:5   | Identified the ring of Ascent {Int+3 SInv}
 21722 | Lair:5   | Found a viscous altar of Jiyva.
 21724 | Lair:5   | Noticed an azure jelly
 21726 | Lair:5   | Found a runed translucent door.
 21726 | Lair:5   | Noticed an azure jelly
 21728 | Lair:5   | Found a staircase to the Slime Pits.
 21745 | Lair:5   | Noticed an azure jelly
 21912 | Lair:5   | Reached skill level 19 in Axes
 22057 | Lair:5   | Reached XP level 14. HP: 132/132 MP: 5/11
 22768 | Lair:5   | Noticed Urug
 22775 | Lair:5   | Killed Urug
 23101 | Lair:5   | Reached skill level 1 in Evocations
 24683 | D:11     | Found Hodituf's Jewellery Shoppe.
 24969 | D:11     | Noticed Fannar
 24979 | D:11     | Killed Fannar
 26626 | D:12     | Noticed Sonja
 26632 | D:12     | Killed Sonja
 27358 | D:12     | Found a staircase to the Orcish Mines.
 27822 | Orc:1    | Entered Level 1 of the Orcish Mines
 27822 | Orc:1    | Noticed Erica
 27823 | Orc:1    | Erica changed into Erica the swamp dragon
 27823 | Orc:1    | Noticed Erica
 27828 | Orc:1    | Killed Erica the swamp dragon
 27829 | Orc:1    | Reached skill level 20 in Axes
 27940 | D:11     | Bought an amulet of regeneration for 390 gold pieces
 27987 | Orc:1    | Noticed an orc warlord
 28063 | D:12     | Killed an orc warlord
 28432 | Orc:1    | Reached skill level 5 in Armour
 28682 | Orc:1    | You fall into a shaft and drop 1 floor!
 28682 | Orc:2    | Entered Level 2 of the Orcish Mines
 28699 | Orc:2    | Reached skill level 15 in Fighting
 29525 | Orc:2    | Reached XP level 15. HP: 59/141 MP: 12/12
 31158 | Orc:2    | Found a staircase to the Elven Halls.
 31221 | Orc:2    | Received a gift from Trog
 32413 | Orc:2    | Found Ibuehuv's Distillery.
 32413 | Orc:2    | Found Fierosch's Book Shop.
 32415 | Orc:2    | Found Ohaunt Zoer's Distillery.
 32417 | Orc:2    | Found Weino's Antique Armour Emporium.
 32421 | Orc:2    | Bought a potion of mutation for 112 gold pieces
 32421 | Orc:2    | Bought 2 potions of heal wounds for 140 gold pieces
 32421 | Orc:2    | Bought a potion of might for 56 gold pieces
 32424 | Orc:2    | Bought a potion of enlightenment for 75 gold pieces
 32424 | Orc:2    | Bought a potion of curing for 45 gold pieces
 32424 | Orc:2    | Bought a potion of curing for 45 gold pieces
 32424 | Orc:2    | Bought a potion of might for 60 gold pieces
 32424 | Orc:2    | Bought 2 potions of curing for 90 gold pieces
 32577 | D:13     | Found a runed translucent gate.
 32577 | D:13     | Found a runed translucent gate.
 32577 | D:13     | Found a runed translucent gate.
 32579 | D:13     | Found an ancient bone altar of Kikubaaqudgha.
 32579 | D:13     | Noticed a lich
 32579 | D:13     | Noticed a lich
 32579 | D:13     | Noticed Jamimocw's ghost (journeyman MiGl)
 32579 | D:13     | Noticed Sundig's ghost (journeyman MiFi)
 32581 | D:13     | Noticed Sundig's ghost (journeyman MiFi)
 32805 | D:13     | Found a gate to the Vaults.
 35056 | D:14     | Found a runed translucent door.
 35056 | D:14     | Noticed a frost giant
 35056 | D:14     | Noticed a storm dragon
 35056 | D:14     | Noticed a frost giant
 35203 | D:14     | Killed a frost giant
 35204 | D:14     | Reached skill level 5 in Evocations
 35206 | D:14     | Killed a frost giant
 35212 | D:14     | Killed a storm dragon
 35392 | D:14     | Received a gift from Trog
 35559 | D:15     | Entered Level 15 of the Dungeon
 35647 | D:15     | Identified the +3 robe "Ythalid" {Stlth+}
 36404 | D:15     | Found a staircase to the Depths.
 37149 | Desolati | Identified the "Zyleduuk"
 37149 | Desolati | Identified the of Agruoga
 37149 | Crypt:3  | Identified the of Buquzooc
 37149 | Depths:2 | Identified the "Kucseb"
 37149 | Depths:3 | Identified the "Osa Jiv"
 37149 | Depths:3 | Identified the "Tid Inad"
 37149 | Depths:3 | Identified the of Vosaosiu
 37149 | Depths:3 | Identified the "Losarpheawn"
 37149 | Elf:1    | Identified the "Mism"
 37149 | Elf:1    | Entered Level 1 of the Elven Halls
 37230 | Elf:1    | Reached skill level 5 in Dodging
 37230 | Elf:1    | Reached XP level 16. HP: 148/148 MP: 1/13
 37588 | Elf:1    | Paralysed by an air elemental for 1 turns
 38107 | Elf:1    | Received a gift from Trog
 38488 | Elf:1    | Paralysed by an air elemental for 1 turns
 39167 | Elf:2    | Paralysed by an air elemental for 1 turns
 39473 | Elf:2    | Paralysed by an air elemental for 1 turns
 39737 | Elf:2    | Reached skill level 21 in Axes
 40038 | Elf:2    | Noticed Azrael
 40046 | Elf:2    | Killed Azrael
 40639 | Elf:2    | Found a runed translucent gate.
 40639 | Elf:2    | Found a runed translucent gate.
 40639 | Elf:2    | Found a runed translucent gate.
 40797 | Elf:3    | Identified the of Weisch
 40797 | Elf:3    | Identified the "Mohe"
 40797 | Elf:3    | Identified the of Loaguy
 40797 | Elf:3    | Identified the "Mefullomp"
 40797 | Elf:3    | Entered Level 3 of the Elven Halls
 41420 | Elf:3    | Received a gift from Trog
 41625 | Elf:3    | Paralysed by an air elemental for 1 turns
 42468 | Elf:3    | Noticed a deep elf master archer
 42519 | Elf:3    | Noticed a deep elf blademaster
 42528 | Elf:3    | Killed a deep elf blademaster
 42529 | Elf:3    | Reached skill level 10 in Armour
 43048 | Elf:3    | Paralysed by an air elemental for 1 turns
 43052 | Elf:3    | Paralysed by an air elemental for 1 turns
 43478 | Elf:3    | Identified the +10 halberd of Ascent {flame, rN+}
 43482 | Elf:3    | Identified the ring of Pessimism {rC++ AC+4}
 43491 | Elf:3    | Noticed a deep elf blademaster
 43495 | Elf:3    | Killed a deep elf blademaster
 43739 | Elf:3    | Reached XP level 17. HP: 158/161 MP: 1/14
 44847 | Elf:3    | a deep elf master archer changed into a formless jellyfish
 44854 | Elf:3    | Paralysed by a formless jellyfish for 1 turns
 45175 | Elf:3    | Identified the +9 orcbow of Fer Rula {antimagic, Int+4}
 47687 | Elf:3    | Identified the +0 ring mail of the Will of the Gods {rPois
                  | Regen+ Str-2 SInv}
 48035 | Elf:3    | Reached skill level 22 in Axes
 49412 | Elf:3    | Found Sialopt's Weapon Shoppe.
 49419 | Elf:3    | Found Othocow's Jewellery Shoppe.
 49423 | Elf:3    | Bought 5 curare-tipped darts for 90 gold pieces
 49429 | Elf:3    | Bought the ring "Jiaxasis" {Will+ SInv} for 615 gold pieces
 49692 | Elf:3    | Found Dutruhok's Book Shop.
 50011 | Elf:3    | Noticed a deep elf master archer
 50013 | Elf:3    | Killed a deep elf master archer
 50518 | Shoals:1 | Entered Level 1 of the Shoals
 53053 | Shoals:2 | Found a frozen archway.
 53067 | IceCv    | Entered an ice cave
 54065 | IceCv    | Identified the +2 pair of boots of Happiness {Regen+ Dex+3
                  | Slay+2}
 54095 | IceCv    | Found an ancient bone altar of Kikubaaqudgha.
 54288 | IceCv    | Noticed a lich
 54294 | IceCv    | Killed a lich
 55457 | Shoals:3 | Reached XP level 18. HP: 110/171 MP: 4/15
 55483 | Shoals:3 | Found Ziffic's Assorted Antiques.
 55508 | Shoals:3 | Found Suot's Jewellery Boutique.
 55513 | Shoals:3 | Found a flickering gateway to a bazaar.
 55533 | Shoals:3 | Reached skill level 23 in Axes
 55551 | Bazaar   | Entered a bazaar
 55551 | Bazaar   | Found Hetzol's General Store.
 55551 | Bazaar   | Found Curutsumm's Antique Armour Shop.
 55614 | Bazaar   | Found Diecaata's Antique Weapon Shop.
 55622 | Bazaar   | Bought a scorched longbow for 218 gold pieces
 55622 | Bazaar   | Identified the +11 longbow of Gisehef {freeze, rF+ rC- rN+
                  | Str+4} (You bought it in a shop in a bazaar)
 55629 | Bazaar   | Found Sorioss's Antique Armour Shop.
 55637 | Bazaar   | Found Papeklou's Antique Armour Shoppe.
 55638 | Bazaar   | Bought an ancient scarf for 360 gold pieces
 55638 | Bazaar   | Identified the scarf "Qauvoergh" {shadows, *Slow rN++
                  | Regen+ Int+8} (You bought it in a shop in a bazaar)
 55796 | Shoals:3 | Received a gift from Trog
 56177 | Shoals:3 | Found Fyjed's Armour Boutique.
 56380 | Shoals:4 | Entered Level 4 of the Shoals
 56380 | Shoals:4 | Found Kinuyxoe's Distillery.
 56384 | Shoals:4 | Bought a potion of mutation for 152 gold pieces
 56384 | Shoals:4 | Bought a potion of invisibility for 152 gold pieces
 56384 | Shoals:4 | Bought a potion of mutation for 152 gold pieces
 56384 | Shoals:4 | Bought a potion of might for 76 gold pieces
 56384 | Shoals:4 | Bought a potion of mutation for 152 gold pieces
 56394 | Shoals:4 | Found Gatal's Jewellery Boutique.
 56472 | Shoals:4 | Found Rerugita's Antique Armour Shop.
 57904 | Shoals:4 | Found Siny's Weapon Shoppe.
 58938 | Shoals:4 | Paralysed by a formless jellyfish for 1 turns
 58943 | Shoals:4 | Identified the serpent talisman of the Jabberwock {Str+2}
 58943 | Shoals:4 | Noticed Aizul
 58957 | Shoals:4 | Killed Aizul
 59014 | Shoals:4 | Noticed Mara
 59026 | Shoals:4 | Killed Mara
 59117 | Shoals:4 | Identified the storm talisman of Amelioration {Str-2 Int+3}
 59356 | Shoals:4 | Identified the +0 ring mail "Cowao" {rN+}
 59894 | Shoals:4 | Reached skill level 24 in Axes
 59965 | Shoals:4 | Got a barnacled rune of Zot
 60183 | Spider:1 | Entered Level 1 of the Spider Nest
 60345 | Spider:1 | Lost mutation: You passively dampen the noise of your
                  | surroundings. [potion of mutation]
 60345 | Spider:1 | Lost mutation: You are strong-willed. (Will+) [potion of
                  | mutation]
 60345 | Spider:1 | Lost mutation: Your magical capacity is low. (-10% MP)
                  | [potion of mutation]
 60345 | Spider:1 | Gained mutation: You passively map a small area around you.
                  | [potion of mutation]
 60346 | Spider:1 | Lost mutation: You passively map a small area around you.
                  | [potion of mutation]
 60346 | Spider:1 | Gained mutation: You are frail. (-10% HP) [potion of
                  | mutation]
 60346 | Spider:1 | Gained mutation: Armour fits poorly on your strangely
                  | shaped body. [potion of mutation]
 60346 | Spider:1 | Gained mutation: You are agile. (Dex +4, Str/Int -1)
                  | [potion of mutation]
 60347 | Spider:1 | Lost mutation: You are agile. (Dex +4, Str/Int -1) [potion
                  | of mutation]
 60347 | Spider:1 | Lost mutation: Armour fits poorly on your strangely shaped
                  | body. [potion of mutation]
 60347 | Spider:1 | Gained mutation: You sometimes lose your temper in combat.
                  | [potion of mutation]
 60347 | Spider:1 | Gained mutation: You are strong-willed. (Will+) [potion of
                  | mutation]
 60347 | Spider:1 | Gained mutation: You are very frail. (-20% HP) [potion of
                  | mutation]
 60348 | Spider:1 | Lost mutation: You are very frail. (-20% HP) [potion of
                  | mutation]
 60348 | Spider:1 | Lost mutation: You are frail. (-10% HP) [potion of
                  | mutation]
 60348 | Spider:1 | Lost mutation: You sometimes lose your temper in combat.
                  | [potion of mutation]
 60348 | Spider:1 | Gained mutation: You are dopey. (Int -2) [potion of
                  | mutation]
 60348 | Spider:1 | Gained mutation: You possess an exceptional clarity of
                  | mind. [potion of mutation]
 60417 | Spider:1 | Noticed Roxanne
 60425 | Spider:1 | Killed Roxanne
 60678 | Spider:1 | Noticed Asterion
 60686 | Spider:1 | Killed Asterion
 60901 | Spider:1 | Received a gift from Trog
 61341 | Spider:1 | Noticed Louise
 61346 | Spider:1 | Killed Louise
 61346 | Spider:1 | Noticed Kirke
 61347 | Spider:1 | Reached XP level 19. HP: 158/182 MP: 1/18
 61352 | Spider:1 | Killed Kirke
 62901 | Spider:2 | Found a transporter.
 62903 | Spider:2 | Noticed Isko's ghost (journeyman TrSh)
 62951 | Spider:2 | Found a transporter.
 63239 | Spider:2 | HP: 12/267 [poisoned by a wolf spider]
 63241 | Spider:2 | HP: 3/271 [poisoned by a wolf spider]
 63243 | Spider:2 | Succumbed to a wolf spider's poison

Illustrated notes

Levels and vault maps discovered:
D:1:      dpeg_arrival_prison, layout_basic, hangedman_decor_riveting
D:2:      layout_basic, serial_co_window_serial, co_window_corner_a,
          co_window_paths_b, co_window_paths_a, co_window_corner_a,
          co_window_paths_a, co_window_broadway_b, co_window_paths_c,
          co_window_2corner, co_window_corner_b, co_window_cross_4,
          co_window_corner_ca, co_window_broadway_c, glass_columns_a,
          glass_columns_a, glass_columns_b, minivault_11, minmay_unequal
D:3:      layout_basic, mainiacjoe_overflow_alcove_2, dreamdust_princess_bridge
D:4:      layout_cave_pools, lemuel_mausoleum_altar_kikubaaqudgha,
          vehumet_crystals, gammafunk_temple_overflow_forgotten, serial_shops,
          shop, nicolae_shop_scrapyard, nicolae_take_the_stairs, uniq_eustachio,
          uniq_blork_the_orc
D:5:      minmay_razor_zed, layout_gridville,
          mainiacjoe_overflow_concentric_impassable,
          minmay_temple_entry_poolview
D:6:      minmay_cornered_nines, layout_loops_ring,
          worldfamousw_hep_ancestral_shrine, minmay_a_box_with_orc_wizards_in_it
D:7:      layout_rooms, serial_bayou_pond_a
D:8:      layout_loops_ring, mainiacjoe_overflow_boulevard,
          mainiacjoe_overflow_six_doors_small, nemelex_diamond_rough_becter
D:9:      layout_gridville, mainiacjoe_overflow_surrounded_room,
          erik_lair_dragon, serial_shops, nicolae_shop_behind_doors,
          minmay_shop_chei, nicolae_elemental_shop
D:10:     layout_basic, overflow_temple_1_default, mainiacjoe_overflow_alcove_4,
          onia_ninara_cookie, uniq_lodul, uniq_harold
D:11:     layout_roguey, serial_shops, shop_statue, uniq_fannar
D:12:     layout_loops_ring, orc_0_dummy, uniq_sonja
D:13:     layout_roguey, erik_vaults_2, gammafunk_ghost_crypt,
          hangedman_abyss_or_decor_lesser_grid
D:14:     layout_basic, nicolae_figureground_pulse, minmay_hidden_floor
D:15:     grunt_enter_depths_giant_problem, layout_basic,
          dreamdust_deal_with_the_devil
Lair:1:   layout_gridlike, nicolae_lair_lakeside_cave
Lair:2:   layout_small_grid, nicolae_shoals_entry_roost,
          spider_nest_entry_rubble, serial_bayou_crossing, lemuel_fruit_fields,
          lemuel_fruit_fields
Lair:3:   layout_regular_city, nicolae_lair_lil_pond, patterned_corridor
Lair:4:   layout_regular_city, grunt_megastairs_5
Lair:5:   evilmike_catoblepas_cave, layout_cave_pods, slime_entry_2, uniq_urug
Shoals:1: layout_shoals
Shoals:2: layout_shoals, portal_ice_cave_entry_dragon
Shoals:3: layout_shoals, serial_shops, bzr_firewalk, shop, shop,
          nicolae_shop_real_fake_doors
Shoals:4: shoals_end_simple, layout_shoals, serial_shops, shop, shop,
          nicolae_shop_hallway_stairs, shop, nicolae_shoals_kraken_party,
          uniq_mara, uniq_aizul
Spider:1: layout_spider_delve, drop_trap, uniq_kirke, uniq_asterion,
          uniq_louise, uniq_roxanne
Spider:2: layout_spider_delve, gammafunk_ghost_mausoleum
Orc:1:    layout_caves, uniq_erica
Orc:2:    st_orc_rangers, layout_caves, minmay_orc_temple_a
Elf:1:    nicolae_elf_arrival_fired_up, layout_gridlike, minmay_elf_necromancy,
          grunt_megastairs_2
Elf:2:    nicolae_elf_blades_crystal_corner, layout_rooms, uniq_azrael,
          uniq_jorgrun, uniq_saint_roka
Elf:3:    grunt_elf_hall_diamonds, layout_loops_ring, serial_shops, shop,
          minmay_shop_star

Skill      XL: |  1  2  3  4  5  6  7  8  9 10 11 12 13 14 15 16 17 18 |
---------------+-------------------------------------------------------+-----
Axes           | 4 5 6 7 8 10 12 14 15 17 19 20 21 22 24 | 24.0
Fighting       | 4 5 6 7 9 10 11 12 14 15 16 17 19 | 19.5
Ranged Weapons | 1 2 3 4 5 7 9 11 13 15 17 18 20 | 20.5
Shields        | 2 3 |  3.8
Armour         | 5 8 10 11 | 11.9
Evocations     | 3 5 7 8 |  8.6
Dodging        | 5 7 9 |  9.1

Action                     |  1- 3 |  4- 6 |  7- 9 | 10-12 | 13-15 | 16-18 | 19-21 || total
---------------------------+-------+-------+-------+-------+-------+-------+-------++-------
  Melee: Hand axe          |    45 |    21 |       |       |     1 |       |       ||    67
         Headbutt          |     6 |     9 |    17 |    37 |    74 |    64 |     5 ||   212
         Sling             |     2 |       |       |       |       |       |       ||     2
         Trident           |       |    14 |       |       |       |       |       ||    14
         Morningstar       |       |    40 |    58 |       |       |       |       ||    98
         Battleaxe         |       |       |    91 |   266 |   395 |   392 |    49 ||  1193
         Executioner's axe |       |       |       |       |       |    25 |       ||    25
   Fire: Sling             |    31 |    35 |    41 |       |       |       |       ||   107
         Orcbow            |       |       |       |   123 |    23 |       |       ||   146
         Arbalest          |       |       |       |       |   488 |   363 |       ||   851
         Triple crossbow   |       |       |       |       |       |   177 |    39 ||   216
         Longbow           |       |       |       |       |       |     3 |       ||     3
  Throw: Dart              |     2 |     1 |     1 |       |     2 |       |       ||     6
         Stone             |       |     4 |     1 |     1 |       |       |       ||     6
         Javelin           |       |       |       |       |     2 |       |       ||     2
         Boomerang         |       |       |       |       |     2 |    14 |       ||    16
 Invoke: Berserk           |     2 |     4 |     8 |    10 |    10 |    19 |     1 ||    54
         Trog's Hand       |       |     4 |     7 |    12 |    10 |    25 |     1 ||    59
         Brothers in Arms  |       |       |       |       |     1 |       |       ||     1
  Evoke: Wand              |       |       |     5 |    10 |    10 |    10 |       ||    35
         Phantom mirror    |       |       |       |       |       |     2 |       ||     2
         Phial of floods   |       |       |       |       |       |     1 |       ||     1
    Use: Scroll            |     1 |     3 |     3 |    22 |    11 |     7 |       ||    47
         Potion            |       |       |     1 |       |     3 |     9 |     1 ||    14
   Stab: Invisible         |       |       |       |       |       |     2 |       ||     2
 Armour: Animal skin       |    33 |     1 |       |       |       |       |       ||    34
         Scale mail        |       |    29 |       |       |       |       |       ||    29
         Chain mail        |       |    44 |   127 |    58 |       |       |       ||   229
         Plate armour      |       |       |       |   292 |   674 |   837 |   185 ||  1988
  Dodge: Dodged            |    45 |    45 |    66 |   114 |   259 |   398 |    77 ||  1004
  Block: Tower shield      |       |       |    17 |       |       |       |       ||    17
         Other             |       |       |       |       |       |   113 |    30 ||   143
         Reflection        |       |       |       |       |       |    21 |       ||    21

Table legend: (Time is in decaauts)
 A = Elapsed time spent in this place.
 B = Non-inter-level travel time spent in this place.
 C = Inter-level travel time spent in this place.
 D = Time resting spent in this place.
 E = Time spent auto-exploring this place.
 F = Levels seen in this place.
 G = Mean time per level.
                   A        B        C        D        E       F      G
               +--------+--------+--------+--------+--------+-----+--------+
         Total |  64371 |  62770 |   1601 |  31579 |  22826 |  33 | 1950.6 |
       Dungeon |  22130 |  21341 |    789 |   8477 |   9900 |  15 | 1475.3 |
          Lair |  11422 |  11052 |    370 |   3419 |   6619 |   5 | 2284.4 |
        Shoals |   8149 |   7954 |    195 |   4142 |   2498 |   4 | 2037.2 |
   Spider Nest |   3146 |   3127 |     19 |   1317 |   1385 |   2 | 1573.0 |
  Orcish Mines |   4462 |   4379 |     83 |   2997 |    807 |   2 | 2231.0 |
   Elven Halls |  13299 |  13157 |    142 |  10061 |   1293 |   3 | 4433.0 |
        Bazaar |    119 |    119 |      0 |     42 |      0 |   1 |  119.0 |
      Ice Cave |   1639 |   1639 |      0 |   1122 |    323 |   1 | 1639.0 |
               +--------+--------+--------+--------+--------+-----+--------+

Top non-repeatable levels by time:
   Elf:3: 7837 daAuts
  Lair:5: 4109 daAuts
Shoals:4: 3838 daAuts
   Orc:2: 3535 daAuts
   Elf:2: 3377 daAuts
    D:10: 2477 daAuts
    D:11: 2465 daAuts
    D:12: 2317 daAuts
  Lair:1: 2186 daAuts
    D:14: 2132 daAuts
   Elf:1: 2085 daAuts
Shoals:1: 2074 daAuts
  Lair:4: 1975 daAuts
     D:4: 1804 daAuts
Spider:2: 1699 daAuts
